 Dungeon Crawl Stone Soup version 0.19-a0-944-gb338e1e (webtiles) character file.

483 HAL9000 the Changer (level 6, -2/47 HPs)
             Began as a Draconian Transmuter on July 9, 2016.
             Killed from afar by an orc wizard (6 damage)
             ... with a puff of frost
             ... on level 6 of the Dungeon.
             The game lasted 00:10:21 (3730 turns).

HAL9000 the Changer (Draconian Transmuter)          Turns: 3730, Time: 00:10:22

Health: -2/47      AC:  2    Str: 13    XL:     6   Next: 87%
Magic:  4/11       EV: 19    Int: 15    God:
Gold:   175        SH:  0    Dex: 16    Spells: 4 memorised, 2 levels left

rFire  . . .     SeeInvis .       - Unarmed
rCold  . . .     Gourm    .     (armour unavailable)
rNeg   . . .     Faith    .     (shield currently unavailable)
rPois  x         Spirit   .     (helmet currently unavailable)
rElec  .         Dismiss  .     (cloak currently unavailable)
rCorr  .         Reflect  .     (gloves currently unavailable)
SustAt .         Harm     .     (boots currently unavailable)
MR     .....                    p - amulet of magic regeneration
Stlth  +.........               (no ring)
                                (no ring)

@: spider-form (expiring), not resistant to hostile enchantments, very
unstealthy
A: unfitting armour, (cold-blooded), AC +6
a: End Transformation


You were on level 6 of the Dungeon.
You were not hungry.
You were a venomous arachnid creature.
You visited 1 branch of the dungeon, and saw 5 of its levels.

You collected 175 gold pieces.

Inventory:

Missiles
 a - 50 arrows
 C - 3 javelins (quivered)
Armour
 l - a +0 buckler
 u - a +2 cloak (melded)
Jewellery
 p - an amulet of magic regeneration (around neck)
 z - an uncursed amulet of regeneration {unknown}
Wands
 A - a wand of flame (10/48)
Scrolls
 d - a scroll of recharging {unknown}
 g - 3 scrolls of identify {unknown}
 i - a scroll of remove curse {unknown}
 j - 2 scrolls of enchant armour {unknown}
 o - 4 scrolls of immolation {unknown}
 s - a scroll of fear {unknown}
 t - a scroll of amnesia {unknown}
 w - a scroll of fog {unknown}
 y - a scroll of random uselessness {unknown}
 B - a scroll of enchant weapon {unknown}
Potions
 k - a potion of haste {unknown}
 m - 3 potions of might {unknown}
 q - a potion of cure mutation {unknown}
 r - 3 potions of flight {unknown}
 v - 2 potions of curing {unknown}
Books
 b - a book of Changes

   Spells                             Type                      Level
   a - Beastly Appendage              Transmutation                1
   b - Sticks to Snakes               Transmutation                2
   c - Spider Form                    Transmutation/Poison         3
   d - Ice Form                       Ice/Transmutation            4
   e - Blade Hands                    Transmutation                5
 x - a Necronomicon

   Spells                             Type                      Level
   a - Haunt                          Necromancy/Summoning         7
   b - Borgnjor's Revivification      Necromancy                   8
   c - Death's Door                   Charms/Necromancy            8
   d - Infestation                    Necromancy                   8
   e - Necromutation                  Transmutation/Necromancy     8
Comestibles
 c - 3 bread rations
 h - 5 meat rations


   Skills:
 - Level 1.1 Fighting
 - Level 1.7 Dodging
 + Level 4.6 Unarmed Combat
 + Level 3.6 Spellcasting
 * Level 5.5 Transmutations


You had 2 spell levels left.
You knew the following spells:

 Your Spells              Type           Power        Failure   Level  Hunger
a - Beastly Appendage     Tmut           ###...       8%          1    None
b - Sticks to Snakes      Tmut           ###.....     12%         2    ##.....
c - Spider Form           Tmut/Pois      ##........   41%         3    ###....
d - Ice Form              Ice/Tmut       ##......     85%         4    ####...


Dungeon Overview and Level Annotations

Branches:
Dungeon (4/15)
 Temple: D:4-7

Altars:
Ashenzari
Fedhas
Gozag
Hepliaklqana

Annotations:
D:3 exclusion: oklob plant


Innate Abilities, Weirdness & Mutations

((Your plain brown scales are hard. (AC +6)))
Your body does not fit into most forms of armour.
((You are cold-blooded and may be slowed by cold attacks.))


Message History

The orc wizard closely misses you.
You hit the orc priest.
You kill the orc priest!
Your transformation is almost over.
Your ball python bites the orc wizard but does no damage.
Your ball python grabs the orc wizard.
Your ball python constricts the orc wizard.
The orc wizard hits you with a dagger.
* * * LOW HITPOINT WARNING * * *
Your adder misses the orc wizard.
You hit the orc wizard but do no damage.
The orc wizard is moderately wounded.
Your ball python bites the orc wizard but does no damage.
Your ball python constricts the orc wizard.
The orc wizard gestures at you while chanting.
The magic dart hits you!
* * * LOW HITPOINT WARNING * * *
The orc wizard casts a spell at you. The puff of frost hits you!
You die...

######## ## #......# .#
#.####.# ####.###.####.# #
#..........##.# #.
#.##.###.#.##.# #.##.##.#
#....#.#
#.......###...)..#######
###...####...so........######
#.......#.SoS.#####.......#
#...###S##...## #..####.#
##### #.###.## #..####.#
#.##.... ##.......##
..##..o). ##...#.#..#.
..##......o...........
#..##.....###........#. ...#
..##........###


You could see 3 orc wizards, a friendly adder and a friendly ball python.

Vanquished Creatures
  An orc warrior (D:6)
  A scorpion (D:4)
  A hound (D:4)
  A jelly (D:3)
  An orc priest (D:6)
  Jessica (D:3)
  2 worker ants (D:4)
  3 adders
  2 oozes
  4 dart slugs
  2 giant geckos
  An orc (D:3)
  4 giant cockroaches
  4 goblins
  6 hobgoblins
  7 jackals
  4 kobolds
  4 quokkas
  2 ball pythons (D:2)
  8 bats
  A giant newt (D:2)
  4 rats
64 creatures vanquished.

Vanquished Creatures (collateral kills)
  Menkaure (D:6)
  A worm (D:2)
  A rat (D:3)
3 creatures vanquished.

Vanquished Creatures (others)
  14 toadstools (D:3)
14 creatures vanquished.

Grand Total: 81 creatures vanquished

Notes
Turn   | Place    | Note
-------+----------+-------------------------------------------
     0 | D:1      | HAL9000 the Draconian Transmuter began the quest for the Orb.
     0 | D:1      | Reached XP level 1. HP: 16/16 MP: 3/3
    93 | D:1      | Reached XP level 2. HP: 11/23 MP: 3/5
   474 | D:1      | Learned a level 2 spell: Sticks to Snakes
  1030 | D:2      | Reached XP level 3. HP: 28/28 MP: 4/6
  1128 | D:2      | Learned a level 3 spell: Spider Form
  1169 | D:2      | Reached skill level 3 in Transmutations
  1954 | D:3      | Reached XP level 4. HP: 35/35 MP: 5/7
  2250 | D:3      | Noticed Jessica
  2262 | D:3      | Killed Jessica
  2262 | D:3      | Reached skill level 4 in Transmutations
  2262 | D:3      | Reached XP level 5. HP: 20/40 MP: 2/9
  2508 | D:3      | Found a hazy altar of Hepliaklqana.
  2567 | D:3      | Found a blossoming altar of Fedhas.
  2577 | D:3      | Noticed an oklob plant
  2649 | D:4      | Found a shattered altar of Ashenzari.
  2724 | D:4      | Learned a level 4 spell: Ice Form
  3181 | D:4      | Found an opulent altar of Gozag.
  3239 | D:4      | Reached XP level 6. HP: 39/47 MP: 10/10
  3361 | D:4      | You fall through a shaft for 2 floors!
  3369 | D:6      | Noticed Menkaure
  3383 | D:6      | Killed Menkaure
  3383 | D:6      | Reached skill level 5 in Transmutations
  3692 | D:6      | Noticed an orc warrior
  3724 | D:6      | Killed an orc warrior
  3730 | D:6      | Killed from afar by an orc wizard

Vault maps used:
D:1:      sevenhm_arrival_forest_fort_small_4
D:3:      tgw_fedhas, marbit_many_paths, kennysheep_jessica_study
D:4:      nicolae_ashenzari_panopticon, lemuel_round_altar, first_bread,
          uniq_eustachio
D:6:      lemuel_crystal_altar, basic_altar, uniq_edmund, uniq_menkaure

Skill      XL: |  1  2  3  4  5  6 |
---------------+-------------------+-----
Transmutations | 3 4 5 |  5.5
Unarmed Combat | 4 |  4.6
Spellcasting   | 3 |  3.6
Fighting       | |  1.1
Dodging        | |  1.7

Action                   |  1- 3 |  4- 6 || total
-------------------------+-------+-------++-------
Melee: Unarmed           |   149 |   125 ||   274
       Kick              |    14 |     2 ||    16
       Tailslap          |    15 |    12 ||    27
       Punch             |     3 |     2 ||     5
       Headbutt          |     5 |     5 ||    10
 Cast: Beastly Appendage |    25 |    15 ||    40
       Sticks to Snakes  |     3 |    12 ||    15
       Spider Form       |       |     2 ||     2
  Eat: Chunk             |     4 |     3 ||     7
       Bread ration      |       |     1 ||     1
Armor: Skin              |    46 |    38 ||    84
Dodge: Dodged            |   113 |    71 ||   184
